 Dungeon Crawl Stone Soup version 0.16-a0-3873-g452e4d5 (webtiles) character file.

90 PolkaDot the Caller (level 4, 0/34 HPs)
             Began as a Vampire Summoner on Feb 1, 2015.
             Succumbed to Sigmund's poison
             ... on level 2 of the Dungeon.
             The game lasted 00:05:31 (1028 turns).

PolkaDot the Caller (Vampire Summoner)              Turns: 1028, Time: 00:05:32

Health: 0/34       AC:  3    Str:  7    XL:     4   Next: 32%
Magic:  4/7        EV: 12    Int: 18    God:
Gold:   60         SH:  0    Dex: 14    Spells: 3 memorised, 1 level left

rFire  . . .     SeeInvis +     c - +0 dagger
rCold  . . .     Clarity  .     a - +0 robe
rNeg   . . .     SustAb   .     (no shield)
rPois  .         Gourm    .     (no helmet)
rElec  .         Spirit   .     (no cloak)
rCorr  .         Warding  .     (no gloves)
rMut   .         Stasis   .     e - +0 pair of boots
MR     .....                    (no amulet)
Stlth  ++........               (no ring)
                                (no ring)

@: lethally poisoned, regenerating very quickly, not resistant to hostile
enchantments, unstealthy
A: bottle blood, fangs 3, see invisible, unbreathing
a: no special abilities


You were on level 2 of the Dungeon.
You were almost alive.

You visited 1 branch of the dungeon, and saw 2 of its levels.

You collected 60 gold pieces.

Inventory:

Hand weapons
 c - a +0 dagger (weapon)
Armour
 a - a +0 robe (worn)
 e - a +0 pair of boots (worn)
Scrolls
 f - a scroll of remove curse {unknown}
 h - a scroll of teleportation {unknown}
 i - 2 scrolls of identify {unknown}
Potions
 d - 13 potions of blood {@*1}
Books
 b - a book of Callings

   Spells                             Type                      Level
   a - Summon Small Mammal            Summoning                    1
   b - Call Imp                       Summoning                    2
   c - Call Canine Familiar           Summoning                    3
   d - Summon Guardian Golem          Hexes/Summoning              4
   e - Summon Lightning Spire         Summoning/Air                4
   f - Summon Ice Beast               Ice/Summoning                4


   Skills:
 * Level 2.9 Fighting
 - Level 2.1 Dodging
 - Level 3.0 Stealth
 - Level 2.0 Spellcasting
 + Level 4.6 Summonings


You had one spell level left.
You knew the following spells:

 Your Spells              Type           Power        Failure   Level  Hunger
d - Call Canine Familiar  Summ           ###.....     10%         3    ###....
s - Call Imp              Summ           ###.....     4%          2    ###....
z - Summon Small Mammal   Summ           ###.         2%          1    #......


Dungeon Overview and Level Annotations

Branches:
Dungeon (2/15)

Altars:


Innate Abilities, Weirdness & Mutations

Your natural rate of healing is extremely fast.
You can bottle blood from corpses.
You have razor-sharp teeth.
You have supernaturally acute eyesight.
You can survive without breathing.


Message History

You bottle the human corpse of Sigmund's blood.
Things that are here:
a scythe of venom; a robe; a potion of blood {@*1}
* * * LOW HITPOINT WARNING * * *
You feel sick.
d - 13 potions of blood {@*1} (gained 1)
* * * LOW HITPOINT WARNING * * *
You feel sick.
A bat comes into view.
What do you say? t - Shout!
Orders for allies: a - Attack new target. r - Retreat! s - Stop attacking. w - Wait here. f - Follow me.
Anything else - Stay silent.
Gang up on whom?
Press: ? - help, Dir - move target cursor, f - bat
Aim: a bat Attack!
You die...

.. .. .... . . .... ...
.. .. .... ...# .. . ..#
. .. ##..###.#. ..##.. .%
.$........ .....#
...###....##.##.......
..............@....b...
....#......##55.......?
........>.##..........
####.##.......#..........
.....##.......#.........#
.######...............#..
.######.......#.......#
.#....................#
...####......##..†....#


You could see a bat, a friendly white imp and a friendly shadow imp.

Vanquished Creatures
  3 bats
  A giant cockroach (D:1)
  6 goblins (D:1)
  2 hobgoblins (D:1)
  3 jackals (D:1)
  A kobold (D:1)
  2 giant newts
  4 rats (D:1)
22 creatures vanquished.

Vanquished Creatures (collateral kills)
  Sigmund (D:2)
  3 gnolls
  An adder (D:2)
  3 hobgoblins (D:1)
  3 jackals (D:1)
  A kobold (D:1)
  A bat (D:1)
  A rat (D:1)
14 creatures vanquished.

Vanquished Creatures (others)
  A hound (D:2)
  2 quokkas
  2 bats (D:1)
5 creatures vanquished.

Grand Total: 41 creatures vanquished

Notes
Turn   | Place    | Note
--------------------------------------------------------------
     0 | D:1      | PolkaDot, the Vampire Summoner, began the quest for the Orb.
     0 | D:1      | Reached XP level 1. HP: 13/13 MP: 3/3
   120 | D:1      | Reached skill level 1 in Fighting
   254 | D:1      | Reached XP level 2. HP: 21/21 MP: 4/4
   760 | D:1      | Reached XP level 3. HP: 27/27 MP: 6/6
   830 | D:1      | Learned a level 3 spell: Call Canine Familiar
   833 | D:1      | Learned a level 2 spell: Call Imp
   997 | D:2      | Noticed Sigmund
  1019 | D:2      | Killed Sigmund
  1019 | D:2      | Reached XP level 4. HP: 4/34 MP: 3/7
  1025 | D:2      | HP: 1/34 [poisoned by Sigmund]
  1028 | D:2      | Succumbed to Sigmund's poison

Action                   |  1- 3 |  4- 6 || total
-------------------------+-------+-------++-------
Melee: Unarmed           |    24 |       ||    24
       Dagger            |    71 |       ||    71
 Cast: Summon Small Mamm |    23 |       ||    23
       Call Imp          |     2 |       ||     2
       Call Canine Famil |     2 |       ||     2
  Use: Potion            |     9 |       ||     9
 Stab: Sleeping          |     9 |       ||     9
  Eat: Corpse            |     5 |       ||     5
